 Dungeon Crawl Stone Soup version 0.29-a0-1016-g236c7fd91e (webtiles) character file.

Game seed: 16834389329633857257

4918 Sobieck the Grappler (level 10, -1/90 HPs)
             Began as a Ghoul Fighter on Aug 9, 2022.
             Was an Initiate of Gozag.
             Killed from afar by a starcursed mass (10 damage)
             ... with an accursed screaming
             ... on level 1 of the Abyss.
             The game lasted 00:16:40 (7014 turns).

Sobieck the Grappler (Ghoul Fighter)                Turns: 7014, Time: 00:16:40

Health: -1/90      AC: 21    Str: 23    XL:     10   Next: 51%
Magic:  9/9        EV: 10    Int: 12    God:    Gozag
Gold:   194        SH:  0    Dex:  3    Spells: 9/9 levels left

rFire   . . .      SeeInvis .     - Unarmed
rCold   + . .      Faith    .   S - +0 buckler
rNeg    + + +      Spirit   .   a - +8 ring mail of the Apprentice {Int+7 Dex-5}
rPois   ∞          Reflect  .   K - +2 hat
rElec   .          Harm     .   A - +2 cloak
rCorr   .          Rampage  .   (no gloves)
Will    +....                   f - +1 pair of boots
Stlth   ..........              (no amulet)
HPRegen 0.00/turn               n - ring of flight
MPRegen 0.11/turn               e - ring of willpower

@: confused, flying, inhibited regen
A: claws 1, cold resistance 1, negative energy resistance 3, inhibited
regeneration, torment resistance 2, devour on kill
a: Renounce Religion, Potion Petition, Call Merchant, Bribe Branch


You were on level 1 of the Abyss.
You worshipped Gozag.
Gozag was aware of your devotion.
You visited 1 branch of the dungeon, and saw 8 of its levels.
You visited the Abyss 1 time.

You collected 1681 gold pieces.
You paid 1487 gold pieces to Gozag.


Innate Abilities, Weirdness & Mutations

You are immune to poison.
You have sharp fingernails.
Your flesh is cold resistant. (rC+)
You are immune to negative energy. (rN+++)
You do not regenerate when monsters are visible.
You are immune to unholy pain and torment.
You thrive by killing the living.


   Skills:
 + Level 8.5 Fighting
 + Level 3.6 Armour
 + Level 2.1 Dodging
 + Level 8.3 Shields
 * Level 10.8 Unarmed Combat


You had 9 spell levels left.
You didn't know any spells.
Your spell library contained the following spells:

 Spells                   Type           Power      Damage    Failure   Level
 Poisonous Vapours        Pois/Air       0%         N/A       67%         2
 Hailstorm                Conj/Ice       0%         3d3       99%         4
 Leda's Liquefaction      Hex/Erth       0%         N/A       99%         4
 Lee's Rapid Deconstruct  Erth           0%         3d5*      100%        5
 Corpse Rot               Necr/Pois/Air  Unusable   N/A       N/A         4
 Ice Form                 Ice/Tmut       Unusable   N/A       N/A         4
 Simulacrum               Ice/Necr       Unusable   N/A       N/A         6
 Statue Form              Tmut/Erth      Unusable   N/A       N/A         6

Inventory:

Hand Weapons
 b - a +2 sling of flaming
   (You found it on level 6 of the Dungeon)
 d - a +0 whip {mace}
   (You found it on level 1 of the Dungeon)
 h - a +0 club {mace}
   (You took it off a goblin on level 1 of the Dungeon)
 i - a +0 club {mace}
   (You took it off a goblin on level 1 of the Dungeon)
 t - the +4 war axe of the Bashing Gods {spect, rC+ SInv, axe}
   (You took it off a kobold brigand on level 7 of the Dungeon)

   When its wielder attacks, the weapon's spirit leaps out and strikes again.
   The spirit shares a part of any damage it takes with its wielder.
   rC:        It protects you from cold.
   SInv:      It lets you see invisible.
 W - a +0 sling
   (You took it off a goblin on level 4 of the Dungeon)
Missiles
 g - 2 javelins {throwing}
 o - 17 poisoned darts (quivered) {throwing}
 p - 61 stones {throwing}
 s - 12 boomerangs {throwing}
 B - 5 boomerangs of dispersal {=f!fthrowing}
 M - 2 curare-tipped darts {=fthrowing}
 P - 3 silver boomerangs {throwing}
Armour
 a - the +8 ring mail of the Apprentice (worn) {Int+7 Dex-5}
   (You found it on level 6 of the Dungeon)

   Int:       It affects your intelligence (+7).
   Dex:       It affects your dexterity (-5).
 f - a +1 pair of boots (worn)
   (You found it on level 1 of the Dungeon)
 k - a +0 kite shield
   (You found it on level 1 of the Dungeon)
 A - a +2 cloak (worn)
   (You found it on level 2 of the Dungeon)
 I - the +1 scale mail of the Stars {rC++ rCorr}
   (You took it off an orc warrior on level 7 of the Dungeon)

   rC:        It greatly protects you from cold.
   rCorr:     It protects you from acid and corrosion.
 J - a +0 scale mail
   (You found it on level 8 of the Dungeon)
 K - a +2 hat (worn)
   (You found it on level 3 of the Dungeon)
 N - a +0 leather armour
   (You took it off an orc priest on level 3 of the Dungeon)
 O - a +0 chain mail
   (You took it off an orc on level 4 of the Dungeon)
 R - a +0 ring mail
   (You found it on level 5 of the Dungeon)
 S - a +0 buckler (worn)
 Y - a +0 robe
   (You took it off an orc wizard on level 6 of the Dungeon)
 Z - a +0 ring mail
   (You took it off an orc on level 6 of the Dungeon)
Magical Staves
 l - a staff of earth {!astaff}
   (You found it on level 1 of the Dungeon)
 L - a staff of death {!astaff}
   (You found it on level 3 of the Dungeon)
Jewellery
 e - a ring of willpower (right claw)
   (You found it on level 4 of the Dungeon)
 m - a ring of ice
   (You found it on level 1 of the Dungeon)
 n - a ring of flight (left claw)
   (You found it on level 1 of the Dungeon)
Wands
 j - a wand of flame (16)
   (You took it off an orc on level 6 of the Dungeon)
 C - a wand of acid (13)
   (You took it off a gnoll on level 7 of the Dungeon)
 V - a wand of iceblast (2)
   (You found it on level 6 of the Dungeon)
Scrolls
 q - a scroll of teleportation {@r4}
 y - a scroll of magic mapping {!r}
 F - 2 scrolls of amnesia
Potions
 c - a potion of lignification
 r - 2 potions of berserk rage {!q}
 u - a potion of haste {unknown}
 w - a potion of resistance
 x - a potion of brilliance {unknown}
 z - a potion of attraction {unknown}
 D - 3 potions of curing {unknown}
 E - a potion of invisibility
 G - 3 potions of cancellation
 H - a potion of might
 Q - a potion of mutation
 U - a potion of degeneration {unknown}
 X - a potion of flight {unknown}

Dungeon Overview and Level Annotations

Branches:
Dungeon (8/15) Zot: 26690  Temple (0/1) D:5
   Lair: D:8-11

Altars:
Gozag
Sif Muna
Yredelemnul

Shops:
D:6 *

Annotations:
D:3 3 runed translucent doors, nickcage's ghost, amateur TeCj

.. ....... ... ......
.. .... ..... .... .
...
#...###...###...###.
.##
.....#.....#.....#..G..
.................... .
.................... .
.......@......... ... .
.....#.....#.....#
....# #...
##X..###...###...#
.....#...X.# ....#..
..# .......X..X.... ..
. .
.......X............ ..
......5XX..XXX.... . ..
....#.....#.....#.. ..#
..........XG..........


You could see 10 starcursed masses and a crimson imp.


Message History

* * * LOW HITPOINT WARNING * * *
Unknown command.
You feel much better. The large abomination hits you!
* * * LOW HITPOINT WARNING * * *
Unknown command.
Really read
T - a scroll of blinking {!r}?
Blink to where?
Press: ? - help, Dir - move target
As you read the scroll of blinking {!r}, it crumbles to dust.
Unknown command.
Unknown command.
Danger!
Unknown command.
You are suddenly pulled into a different region of the Abyss!
Found a corrupted altar of Lugonu.
There is a corrupted altar of Lugonu here.
Unknown command.
Press < or > to pray at altars.
You start resting. 2 golden eyes come into view.
Danger!
Unknown command.
Press < or > to pray at altars.
A golden eye comes into view.
Danger!
A golden eye comes into view.
The golden eye turns its gaze towards you.
The golden eye blinks at you. You resist with almost no effort.
The golden eye blinks at you. You resist with almost no effort.
You feel a little less mighty now.
You start to feel less resistant.
A golden eye comes into view.
Danger!
The golden eye blinks at you.
You are confused.
The golden eye blinks!
Unknown command.
The golden eye turns its gaze towards you.
The golden eye blinks at you. You resist with almost no effort.
The golden eye blinks at you. You resist with almost no effort.
The golden eye blinks at you.
You easily resist.
A starcursed mass comes into view.
Unknown command.
The golden eye blinks!
A starcursed mass splits.
Your resistance to elements expires.
The golden eye turns its gaze towards you.
A starcursed mass splits.
You feel less confused.
A starcursed mass splits.
A starcursed mass splits. x2
Unknown command.
You completely miss the golden eye. The golden eye blinks at you.
You resist with almost no effort.
Unknown command.
Unknown command.
You are too injured to fight recklessly!
You are too injured to fight recklessly!
You are too injured to fight recklessly!
You barely miss the golden eye.
A starcursed mass splits.
You closely miss the golden eye. The golden eye blinks at you.
You resist with almost no effort.
A starcursed mass splits.
The crimson imp hits you but does no damage.
You barely miss the golden eye.
The golden eye blinks!
A starcursed mass splits.
The crimson imp hits you but does no damage.
A starcursed mass splits. x2; The crimson imp barely misses you.
The golden eye blinks at you. You resist with almost no effort.
The crimson imp attacks as you move away!
The crimson imp hits you but does no damage.
The starcursed mass attacks as you move away!
The starcursed mass touches you.
* * * LOW HITPOINT WARNING * * *
Unknown command.
The golden eye blinks at you. You resist with some effort.
The golden eye blinks at you.
You are confused.
A cacophony of accursed wailing tears at your sanity!
* * * LOW HITPOINT WARNING * * *
The golden eye blinks at you.
You easily resist.
The golden eye blinks at you. You resist with almost no effort.
Unknown command.
The golden eye blinks at you.
You easily resist.
The golden eye blinks at you. You resist with almost no effort.
The golden eye blinks!
Unknown command.
A cacophony of accursed wailing tears at your sanity!
You die...
Your body crumbles into a pile of gold.

Skill      XL: |  1  2  3  4  5  6  7  8  9 10 |
---------------+-------------------------------+-----
Unarmed Combat | 3 4 5 6 7 8 9 10 | 10.8
Shields        | 3 4 5 8 |  8.3
Fighting       | 5 6 8 |  8.5
Armour         | 3 |  3.6
Dodging        | 2 |  2.1

Action                   |  1- 3 |  4- 6 |  7- 9 | 10-12 || total
-------------------------+-------+-------+-------+-------++-------
Melee: Unarmed           |    95 |   221 |   241 |   139 ||   696
Throw: Dart              |       |       |     2 |       ||     2
Invok: Potion Petition   |       |       |     1 |     1 ||     2
  Use: Scroll            |       |     4 |     8 |     3 ||    15
       Potion            |       |       |     2 |     6 ||     8
 Stab: Distracted        |       |       |     3 |       ||     3
Armor: Scale mail        |     6 |       |       |       ||     6
       Chain mail        |    37 |   139 |    83 |       ||   259
       Ring mail         |       |       |    28 |   101 ||   129
Dodge: Dodged            |    25 |    71 |    67 |    66 ||   229
Block: Buckler           |    12 |    40 |    39 |    29 ||   120

Levels and vault maps discovered:
D:1:      evilmike_arrival_fibonacci_small, layout_loops_ring
D:2:      layout_loops_corners, minmay_pentomino_pile
D:3:      minmay_razor_zed, layout_loops_corners,
          yredelemnul_forgotten_temple_becter, old_standard_altar,
          ebering_ghost_rock_garden, guppyfry_early_lair_pool, uniq_jessica
D:4:      layout_rooms, nicolae_gozag_cash_rules_everything_around_me
D:5:      layout_loops_ring, minmay_temple_entry_enclosed_plants
D:6:      layout_basic, lemuel_blue_sif_altar, nicolae_shop_overcharged_wands
D:7:      minmay_the_grid_square_5x5_3x3
          [minmay_the_grid_square_5x5_fancy_junction,
          minmay_the_grid_square_5x5_z, minmay_the_grid_square_5x5_one_wall,
          minmay_the_grid_square_5x5_two_walls_a,
          minmay_the_grid_square_5x5_megaprize_hollow,
          minmay_the_grid_square_5x5_checkered_statues,
          minmay_the_grid_square_5x5_minibox,
          minmay_the_grid_square_5x5_inner_v, minmay_the_grid_square_5x5_three],
          layout_cave_pools
D:8:      layout_layer_cave, lemuel_round_altar, gammafunk_ghost_smash,
          amethyst_killhole, minmay_mini_ossuary
Abyss:1:  base: D:4, hangedman_abyss_mock_shop, hangedman_abyss_mock_shop

Notes
Turn   | Place    | Note
-------+----------+-------------------------------------------
     0 | D:1      | Sobieck the Ghoul Fighter began the quest for the Orb.
     0 | D:1      | Reached XP level 1. HP: 19/19 MP: 0/0
   302 | D:1      | Reached XP level 2. HP: 26/26 MP: 1/1
   363 | D:1      | Reached skill level 3 in Unarmed Combat
   781 | D:2      | Reached XP level 3. HP: 31/31 MP: 2/2
   867 | D:2      | Reached skill level 4 in Unarmed Combat
  1080 | D:2      | Reached XP level 4. HP: 38/38 MP: 3/3
  1459 | D:2      | Reached skill level 5 in Unarmed Combat
  1629 | D:3      | Noticed Jessica
  1629 | D:3      | Found a runed translucent gate.
  1629 | D:3      | Found a runed translucent gate.
  1629 | D:3      | Found a runed translucent gate.
  1640 | D:3      | Killed Jessica
  1647 | D:3      | Noticed nickcage's ghost (amateur TeCj)
  1714 | D:3      | Reached XP level 5. HP: 45/45 MP: 4/4
  2043 | D:3      | You pick up a book of Vapours and begin reading...
  2043 | D:3      | You add the spells Poisonous Vapours and Corpse Rot to your
                  | library.
  2433 | D:3      | Found a basalt altar of Yredelemnul.
  2612 | D:3      | Reached skill level 6 in Unarmed Combat
  2857 | D:4      | Found an opulent altar of Gozag.
  2862 | D:4      | Became a worshipper of Gozag Ym Sagoz the Greedy
  3054 | D:4      | Reached XP level 6. HP: 37/51 MP: 5/5
  3391 | D:3      | Reached skill level 7 in Unarmed Combat
  3568 | D:4      | Reached skill level 3 in Shields
  3641 | D:4      | Reached XP level 7. HP: 56/58 MP: 6/6
  3644 | D:4      | Reached skill level 4 in Fighting
  3792 | D:5      | Entered Level 5 of the Dungeon
  4038 | D:5      | Reached skill level 4 in Shields
  4104 | D:5      | Reached skill level 5 in Fighting
  4209 | D:5      | Noticed a yak
  4210 | D:5      | Noticed a yak
  4210 | D:5      | Noticed a yak
  4211 | D:5      | Noticed a yak
  4230 | D:5      | Reached skill level 8 in Unarmed Combat
  4241 | D:5      | Killed a yak
  4242 | D:5      | Reached XP level 8. HP: 59/68 MP: 7/7
  4245 | D:5      | Noticed a yak
  4248 | D:5      | Killed a yak
  4250 | D:5      | Noticed a yak
  4255 | D:5      | Killed a yak
  4257 | D:5      | Reached skill level 6 in Fighting
  4264 | D:5      | Killed a yak
  4265 | D:5      | Reached skill level 5 in Shields
  4266 | D:5      | Killed a yak
  4267 | D:5      | Reached skill level 9 in Unarmed Combat
  4271 | D:5      | Killed a yak
  4272 | D:5      | Reached XP level 9. HP: 52/78 MP: 8/8
  4567 | D:5      | Reached skill level 7 in Fighting
  4790 | D:5      | Found a staircase to the Ecumenical Temple.
  4916 | D:6      | You pick up a book of the Tundra and begin reading...
  4965 | D:6      | Reached skill level 6 in Shields
  5073 | D:6      | Found Ucaypo's Overcharged Wands.
  5187 | D:6      | Identified the +8 ring mail of the Apprentice {Int+7 Dex-5}
  5639 | D:6      | Found a shimmering blue altar of Sif Muna.
  5866 | D:7      | Identified the +4 war axe of the Bashing Gods {spect, rC+
                  | SInv}
  5882 | D:7      | Reached skill level 10 in Unarmed Combat
  5885 | D:7      | Reached skill level 8 in Fighting
  5891 | D:7      | Noticed a gargoyle
  5895 | D:7      | Reached skill level 7 in Shields
  5898 | D:7      | Killed a gargoyle
  5921 | D:7      | Reached skill level 8 in Shields
  5921 | D:7      | Reached XP level 10. HP: 88/88 MP: 9/9
  6000 | D:7      | Identified the +3 leather armour "Ciroat" {Fly Will+}
  6146 | D:7      | You pick up a book of the Earth and begin reading...
  6146 | D:7      | You add the spells Leda's Liquefaction and Lee's Rapid
                  | Deconstruction to your library.
  6181 | D:7      | Reached skill level 3 in Armour
  6694 | D:8      | Reached skill level 1 in Dodging
  6701 | D:8      | Identified the +1 scale mail of the Stars {rC++ rCorr}
  6815 | D:8      | You are cast into the Abyss!
  6815 | Abyss:1  | Cast into level 1 of the Abyss (orc wizard)
  6906 | Abyss:1  | Noticed a smoke demon
  6913 | Abyss:1  | HP: 18/90 [smoke demon/ball of steam (15)]
  6923 | Abyss:1  | Killed a smoke demon
  6924 | Abyss:1  | Reached skill level 2 in Dodging
  6942 | Abyss:1  | Noticed a white draconian stormcaller
  6947 | Abyss:1  | Noticed a large abomination
  6954 | Abyss:1  | Noticed a flayed ghost
  6954 | Abyss:1  | Noticed a wretched star
  6965 | Abyss:1  | HP: 22/90 [large abomination (12)]
  6966 | Abyss:1  | HP: 3/90 [large abomination (19)]
  6977 | Abyss:1  | Found a corrupted altar of Lugonu.
  6998 | Abyss:1  | Noticed a starcursed mass
  7008 | Abyss:1  | HP: 21/90 [starcursed mass (4)]
  7010 | Abyss:1  | HP: 9/90 [starcursed mass/accursed screaming (12)]
  7014 | Abyss:1  | Killed from afar by a starcursed mass

Vanquished Creatures
  A smoke demon (Abyss:1)
  A gargoyle (D:7)
  4 water elementals (Abyss:1)
  7 yaks
  An orc warrior (D:7)
  A water moccasin (D:8)
  2 black bears (D:7)
  A sky beast (D:7)
  3 ogres
  A centaur (D:6)
  A phantom (D:4)
  3 kobold brigands (D:7)
  2 necrophages
  3 bullfrogs (D:7)
  3 scorpions
  2 earth elementals (Abyss:1)
  A gnoll sergeant (D:7)
  A howler monkey (D:7)
  A jelly (D:6)
  5 orc priests
  3 hounds
  A gnoll bouda (D:7)
  Jessica (D:3)
  5 iguanas
  4 orc wizards
  8 adders
  19 gnolls
  A white imp (D:8)
  2 ufetubi
  A worm (D:2)
  9 dart slugs
  27 orcs
  12 ball pythons
  11 bats
  7 endoplasms
  4 giant cockroaches
  3 goblins
  6 hobgoblins
  4 jackals
  13 kobolds
  4 quokkas
  5 frilled lizards
  5 rats
  A spectral orc (D:3)
200 creatures vanquished.

Table legend:
 A = Non-vault XP
 B = Vault XP
 C = Vault XP percentage of total XP
 D = Non-vault monster count
 E = Vault monster count
 F = Vault count percentage of total count
                 A         B        C        D         E       F
            +---------+---------+-------+---------+---------+-------
      Total |    4794 |    2233 |  31.8 |     166 |      34 |  17.0
            +---------+---------+-------+---------+---------+-------
        D:1 |      23 |       0 |   0.0 |      12 |       0 |   0.0
        D:2 |      91 |       9 |   9.0 |      30 |       4 |  11.8
        D:3 |      91 |      71 |  43.8 |      23 |      15 |  39.5
        D:4 |     367 |       0 |   0.0 |      20 |       0 |   0.0
        D:5 |    2104 |       0 |   0.0 |      31 |       0 |   0.0
        D:6 |     379 |       0 |   0.0 |      16 |       0 |   0.0
        D:7 |    1076 |    1162 |  51.9 |      25 |       9 |  26.5
        D:8 |     238 |       0 |   0.0 |       8 |       0 |   0.0
    Abyss:1 |     425 |     991 |  70.0 |       1 |       6 |  85.7
            +---------+---------+-------+---------+---------+-------

Illustrated notes

Table legend:
 A = Kills in this place as a percentage of kills in entire the game.
 B = Kills by you in this place as a percentage of kills by you in the entire game.
 C = Kills by friends in this place as a percentage of kills by friends in the entire game.
 D = Other kills in this place as a percentage of other kills in the entire game.
 E = Experience gained in this place as a percentage of experience gained in the entire game.
 F = Experience gained in this place divided by the number of levels of this place that you have seen.
                   A       B       C       D       E      F
               +-------+-------+-------+-------+-------+----------------------
         Total | 100.0 | 100.0 |   N/A |   N/A | 100.0 | 780.8
       Dungeon |  96.5 |  96.5 |   N/A |   N/A |  79.8 | 701.4
         Abyss |   3.5 |   3.5 |   N/A |   N/A |  20.2 | 1416.0
               +-------+-------+-------+-------+-------+----------------------

Table legend: (Time is in decaauts)
 A = Elapsed time spent in this place.
 B = Non-inter-level travel time spent in this place.
 C = Inter-level travel time spent in this place.
 D = Time resting spent in this place.
 E = Time spent auto-exploring this place.
 F = Levels seen in this place.
 G = Mean time per level.
                   A        B        C        D        E       F      G
               +--------+--------+--------+--------+--------+-----+--------+
         Total |   6922 |   6759 |    163 |    368 |   4823 |   9 |  769.1 |
       Dungeon |   6745 |   6582 |    163 |    360 |   4823 |   8 |  843.1 |
         Abyss |    177 |    177 |      0 |      8 |      0 |   1 |  177.0 |
               +--------+--------+--------+--------+--------+-----+--------+

Top non-repeatable levels by time:
     D:3: 1411 daAuts
     D:5: 1031 daAuts
     D:7: 900 daAuts
     D:6: 894 daAuts
     D:2: 848 daAuts
     D:1: 776 daAuts
     D:4: 755 daAuts
 Abyss:1: 177 daAuts
     D:8: 126 daAuts
